 Dungeon Crawl Stone Soup version 0.19.1-1-g22dce08 (webtiles) character file.

30 LORDOFBUTT the Sneak (level 3, -1/16 HPs)
             Began as a Spriggan Enchanter on Dec 29, 2016.
             Slain by a goblin
             ... wielding a +0 club
             ... led by Robin
              (8 damage)
             ... on level 2 of the Dungeon.
             The game lasted 00:01:36 (1161 turns).

LORDOFBUTT the Sneak (Spriggan Enchanter)           Turns: 1161, Time: 00:01:36

Health: -1/16      AC:  3    Str:  4    XL:     3   Next: 5%
Magic:  2/8        EV: 19    Int: 16    God:
Gold:   12         SH:  0    Dex: 17    Spells: 2 memorised, 5 levels left

rFire  . . .     SeeInvis +     a - +1 dagger
rCold  . . .     Gourm    .     b - +1 robe
rNeg   . . .     Faith    .     (shield restricted)
rPois  +         Spirit   .     (helmet restricted)
rElec  .         Reflect  .     (no cloak)
rCorr  .         Harm     .     (gloves unavailable)
MR     .....                    (boots unavailable)
Stlth  +++.......               (no amulet)
                                (no ring)
                                j - ring of poison resistance

@: very quick
A: unfitting armour, see invisible, herbivore 3, speed 3, slow metabolism 2
a: no special abilities


You were on level 2 of the Dungeon.
You were not hungry.

You visited 1 branch of the dungeon, and saw 2 of its levels.

You collected 12 gold pieces.

Inventory:

Hand Weapons
 a - a +1 dagger (weapon)
Armour
 b - a +1 robe (worn)
Jewellery
 j - a ring of poison resistance (left hand)
Scrolls
 e - a scroll of identify {unknown}
 f - a scroll of magic mapping {unknown}
 o - 2 scrolls of amnesia
Potions
 g - 2 potions of cancellation {unknown}
 h - a potion of agility {unknown}
 i - a potion of lignification {unknown}
 k - a potion of heal wounds {unknown}
 m - a potion of curing {unknown}
 n - a potion of might {unknown}
 p - a potion of haste {unknown}
Books
 c - a book of Maledictions

   Spells                             Type                      Level
   a - Corona                         Hexes                        1
   b - Ensorcelled Hibernation        Hexes/Ice                    2
   c - Confuse                        Hexes                        3
   d - Tukima's Dance                 Hexes                        3
   e - Dazzling Spray                 Conjuration/Hexes            3
Comestibles
 d - 2 bread rations
 l - a fruit


   Skills:
 - Level 1.1 Short Blades
 + Level 3.4 Dodging
 * Level 5.1 Stealth
 + Level 3.2 Spellcasting
 + Level 4.1 Hexes


You had 5 spell levels left.
You knew the following spells:

 Your Spells              Type           Power        Failure   Level  Hunger
a - Corona                Hex            ###....      4%          1    None
b - Ensorcelled Hibernat  Hex/Ice        #.....       14%         2    ##.....


Dungeon Overview and Level Annotations

Branches:
Dungeon (2/15)

Altars:

Annotations:
D:2 Robin


Innate Abilities, Weirdness & Mutations

You are very small and have problems with some larger weapons.
You are too small for most types of armour.
You have supernaturally acute eyesight. (SInv)
You are a herbivore.
You cover ground extremely quickly.
You need consume almost no food.


Message History

Aim: a goblin, wielding a dagger (unusually strong, chance to defeat MR: 58%)
The goblin looks drowsy...
The goblin shouts!
The hobgoblin barely misses you.
The helpless goblin fails to defend itself.
You impale the goblin!!
You kill the goblin!
The hobgoblin completely misses you.
Casting: Ensorcelled Hibernation
Confirm with . or Enter, or press ? or * to list all spells.
Aiming: Ensorcelled Hibernation
Press: ? - help, Shift-Dir - straight line, f - hobgoblin
Aim: a hobgoblin (heavily wounded, chance to defeat MR: 58%)
The hobgoblin resists with significant effort.
The goblin completely misses you. The hobgoblin completely misses you.
You hit the hobgoblin.
The hobgoblin is severely wounded.
The goblin hits you with a club!
Ouch! That really hurt!
You die...

#....>....# #......)..#
#.........# #.........###
#### #............
.%..########........>...
............g...r#
............r###g#
...†....####.###@#######
.............##gg#.....##
.............g.g#.......##..
....###...#.g..g...........#
.... #..#..##.g....<........
.......###..#gg#...........
.#...## ##.>g##.........##
..... ................### ..
##.................


You could see Robin, 2 hobgoblins, 8 goblins and a rat.

Vanquished Creatures
  2 dart slugs (D:1)
  2 leopard geckos
  A giant cockroach (D:2)
  5 goblins
  4 hobgoblins
  A ball python (D:1)
  2 bats (D:1)
  A frilled lizard (D:1)
  2 kobolds (D:1)
  4 rats (D:1)
24 creatures vanquished.

Notes
Turn   | Place    | Note
-------+----------+-------------------------------------------
     0 | D:1      | LORDOFBUTT the Spriggan Enchanter began the quest for the Orb.
     0 | D:1      | Reached XP level 1. HP: 9/9 MP: 5/5
   329 | D:1      | Reached XP level 2. HP: 10/13 MP: 7/7
   766 | D:1      | Reached skill level 5 in Stealth
  1077 | D:1      | Learned a level 1 spell: Corona
  1080 | D:1      | Learned a level 2 spell: Ensorcelled Hibernation
  1097 | D:2      | Noticed Robin
  1136 | D:2      | Reached XP level 3. HP: 6/16 MP: 8/8
  1161 | D:2      | Slain by a goblin

Skill      XL: |  1  2 |
---------------+-------+-----
Spellcasting   | 3 |  3.2
Stealth        | 5 |  5.1
Hexes          | 4 |  4.1
Short Blades   | |  1.1
Dodging        | |  3.4

Action                   || total
-------------------------++-------
Melee: Dagger            ||    88
 Cast: Ensorcelled Hiber ||     3
  Use: Scroll            ||     1
 Stab: Sleeping          ||     9
Armor: Robe              ||     6
Dodge: Dodged            ||    87
